 Dungeon Crawl Stone Soup version 0.31-a0-198-g2ad674f65e (webtiles) character file.

Game seed: 9615783322125632032

91 qw the Shooter (level 4, 0/25 HPs)
             Began as a Deep Elf Hunter on June 25, 2023.
             Slain by a gnoll
             ... wielding a +0 spear
              (1 damage)
             ... on level 2 of the Dungeon.
             The game lasted 00:00:29 (1316 turns).

qw the Shooter (Deep Elf Hunter)                    Turns: 1316, Time: 00:00:29

Health: 0/25       AC:  7    Str: 10    XL:     4   Next: 33%
Magic:  6/6        EV: 11    Int: 14    God:
Gold:   109        SH:  0    Dex: 18    Spells: 3/3 levels left

rFire   . . .        Y - +1 shortbow (drain)
rCold   . . .        (shield currently unavailable)
rNeg    . . .        d - +0 ring mail
rPois   .            (no helmet)
rElec   .            l - +1 cloak
rCorr   .            (no gloves)
SInv    .            (no boots)
Will    .....        (no amulet)
Stlth   +            (no ring)
HPRegen 0.24/turn    (no ring)
MPRegen 0.10/turn

%: no passive effects
@: no status effects
A: no striking features
a: no special abilities


You were on level 2 of the Dungeon.
You visited 1 branch of the dungeon, and saw 2 of its levels.

You collected 109 gold pieces.


   Skills:
 - Level 1.5 Fighting
 + Level 7.7 Ranged Weapons
 - Level 2.4 Dodging
 - Level 1.2 Stealth


You had 3 spell levels left.
You didn't know any spells.
Your spell library was empty.

Inventory:

Hand Weapons
 Y - a +1 shortbow of draining (weapon)
Armour
 b - a +0 helmet
 d - a +0 ring mail (worn)
 l - a +1 cloak (worn)
Scrolls
 a - 2 scrolls of identify
 c - a scroll of revelation {unknown}
Potions
 e - a potion of berserk rage {unknown}
 i - 2 potions of curing {unknown}

Dungeon Overview and Level Annotations

Branches:
Dungeon (2/15)

Altars:


Message History

You shoot an arrow. The arrow barely misses the gnoll.
A gnoll comes into view. It is wielding a +0 spear.
The gnoll completely misses you.
You shoot an arrow. The arrow hits the gnoll!
You drain the gnoll.
You kill the gnoll!
The gnoll hits you from afar with a +0 spear.
You shoot an arrow. The arrow closely misses the gnoll.
The gnoll hits you from afar with a +0 spear.
You shoot an arrow. The arrow closely misses the gnoll.
The gnoll throws a throwing net.
The throwing net hits you.
You become entangled in the net!
You struggle against the net.
A gnoll comes into view. It is wielding a +0 spear.
The gnoll hits you but does no damage.
You tear a large gash into the net.
The gnoll hits you from afar with a +0 spear!
You struggle against the net.
The gnoll hits you but does no damage.
You struggle against the net.
The gnoll hits you but does no damage.
You shred the net and break free!
The gnoll hits you from afar with a +0 spear.
1311 ||| Stepping ~*~*~tactically~*~*~ (outnumbered).
You shoot an arrow. The arrow barely misses the gnoll.
You shoot an arrow.
The arrow hits the gnoll but does no damage.
You drain the gnoll.
The gnoll is lightly wounded.
The gnoll hits you but does no damage. x2
You shoot an arrow. The arrow hits the gnoll.
You drain the gnoll.
The gnoll is heavily wounded.
The gnoll hits you but does no damage.
The gnoll hits you from afar with a +0 spear.
The gnoll misses you. The gnoll hits you but does no damage.
You shoot an arrow. The arrow closely misses the gnoll.
The gnoll misses you.
The gnoll hits you from afar with a +0 spear.
You shoot an arrow. The arrow barely misses the gnoll.
The gnoll hits you from afar with a +0 spear. x2
You die...

#.......# #.......#
.#.#. #.......#### ..#.#
...........## ##...#.
........###.## ......#
.###[..#####.# ....... .
#......##.# .......
##..##.##.#####g......
......#.#.......@.g....#
########...#############
#####


You could see 2 gnolls.

Vanquished Creatures
  Robin (D:2)
  A gnoll (D:2)
  An adder (D:2)
  2 worms (D:2)
  4 dart slugs (D:1)
  4 bats (D:1)
  4 endoplasms (D:1)
  4 giant cockroaches (D:1)
  8 goblins (D:2)
  7 hobgoblins
  A quokka (D:2)
  4 ball pythons (D:1)
  3 frilled lizards
  3 rats
47 creatures vanquished.

Notes
Turn   | Place    | Note
-------+----------+-------------------------------------------
     0 | D:1      | qw the Deep Elf Hunter began the quest for the Orb.
     0 | D:1      | Reached XP level 1. HP: 12/12 MP: 3/3
     0 | D:1      | 0 ||| qw: Version: 0.3-a-22-g0ed2b0b
     0 | D:1      | 0 ||| qw: Game counter: 4937
     0 | D:1      | 0 ||| qw: Melee chars always use a shield: true
     0 | D:1      | 0 ||| qw: God list: Okawaru
     0 | D:1      | 0 ||| qw: Allow faded altars: false
     0 | D:1      | 0 ||| qw: Do Orc after clearing Dungeon:15 true
     0 | D:1      | 0 ||| qw: Do second Lair branch before Depths: true
     0 | D:1      | 0 ||| qw: Lair rune preference: random
     0 | D:1      | 0 ||| qw: Goals: Normal
     0 | D:1      | 0 ||| PLANNING D:1-11
   175 | D:1      | Reached skill level 6 in Ranged Weapons
   175 | D:1      | Reached XP level 2. HP: 16/16 MP: 4/4
   429 | D:1      | Reached XP level 3. HP: 20/20 MP: 5/5
   868 | D:1      | 868 ||| UPGRADING to +0 ring mail.
   878 | D:1      | 878 ||| DROPPING +0 leather armour.
   879 | D:1      | 879 ||| UPGRADING to +1 cloak.
   884 | D:1      | 884 ||| READING 2 scrolls labelled GAKOSI CISOFU.
   885 | D:1      | 885 ||| READING scroll labelled MILATWYSCHE.
   886 | D:1      | 886 ||| READING scroll labelled XASHRIEZ PEFIO.
   887 | D:1      | 887 ||| READING scroll labelled GIHOEFR ONIFUPEC.
   888 | D:1      | 888 ||| READING scroll labelled PISAM VONLIQEE.
   889 | D:1      | 889 ||| DROPPING scroll of butterflies.
   980 | D:2      | Noticed Robin
   987 | D:2      | Killed Robin
   988 | D:2      | Reached skill level 7 in Ranged Weapons
  1079 | D:2      | Reached XP level 4. HP: 25/25 MP: 6/6
  1311 | D:2      | 1311 ||| Stepping ~*~*~tactically~*~*~ (outnumbered).
  1315 | D:2      | HP: 5/25 [gnoll/+0 spear (4)]
  1316 | D:2      | HP: 1/25 [gnoll/+0 spear (4)]
  1316 | D:2      | Slain by a gnoll

Levels and vault maps discovered:
D:1:      erik_arrival_cave_to_civilisation [erik_arrival_cave_to_hall],
          layout_basic
D:2:      layout_loops_corners, shapermc_ecumenical_altar_rom_forum,
          serial_shops, nicolae_shop_real_fake_doors, uniq_crazy_yiuf_cottage,
          uniq_robin

Skill      XL: |  1  2  3 |
---------------+----------+-----
Ranged Weapons | 6 7 |  7.7
Fighting       | |  1.5
Dodging        | |  2.4
Stealth        | |  1.2

Action                     |  1- 3 |  4- 6 || total
---------------------------+-------+-------++-------
   Fire: Shortbow          |    90 |    22 ||   112
    Use: Scroll            |     5 |       ||     5
 Armour: Leather armour    |     8 |       ||     8
         Ring mail         |     8 |     8 ||    16
  Dodge: Dodged            |    26 |     4 ||    30

Table legend:
 A = Non-vault XP
 B = Vault XP
 C = Vault XP percentage of total XP
 D = Non-vault monster count
 E = Vault monster count
 F = Vault count percentage of total count
                 A         B        C        D         E       F
            +---------+---------+-------+---------+---------+-------
      Total |     100 |      30 |  23.1 |      37 |      10 |  21.3
            +---------+---------+-------+---------+---------+-------
        D:1 |      51 |       2 |   3.8 |      26 |       2 |   7.1
        D:2 |      49 |      28 |  36.4 |      11 |       8 |  42.1
            +---------+---------+-------+---------+---------+-------
